 Dungeon Crawl Stone Soup version 0.19.4-8-ga85b6b9 (webtiles) character file.

1451 LORDOFBUTT the Cleaver (level 8, -4/64 HPs)
             Began as a Minotaur Fighter on Feb 13, 2017.
             Was an Initiate of Gozag.
             Killed by divine providence
             ... invoked by an orc priest
              (13 damage)
             ... on level 6 of the Dungeon.
             The game lasted 00:04:20 (4396 turns).

LORDOFBUTT the Cleaver (Minotaur Fighter)           Turns: 4396, Time: 00:04:21

Health: -4/64      AC:  6    Str: 22    XL:     8   Next: 47%
Magic:  7/7        EV:  7    Int: 10    God:    Gozag
Gold:   867        SH:  9    Dex: 11    Spells: 0 memorised, 7 levels left

rFire  . . .     SeeInvis .     a - +0 war axe
rCold  . . .     Gourm    .     b - +0 scale mail
rNeg   . . .     Faith    .     c - +0 shield
rPois  .         Spirit   .     (helmet restricted)
rElec  .         Reflect  .     (no cloak)
rCorr  .         Harm     .     (no gloves)
MR     .....                    (no boots)
Stlth  ..........               (no amulet)
                                (no ring)
                                (no ring)

@: brilliant, very slightly contaminated, hasted, very quick
A: retaliatory headbutt, horns 2
a: Potion Petition, Call Merchant, Bribe Branch, Renounce Religion


You were on level 6 of the Dungeon.
You worshipped Gozag.
Gozag was pleased with you.
You were hungry.

You visited 2 branches of the dungeon, and saw 7 of its levels.

You collected 992 gold pieces.
You paid 125 gold pieces to Gozag.

Inventory:

Hand Weapons
 a - a +0 war axe (weapon)
Armour
 b - a +0 scale mail (worn)
 c - a +0 shield (worn)
Jewellery
 q - a +3 ring of evasion {unknown}
 r - an uncursed ring of fire {unknown}
 y - an uncursed amulet of guardian spirit {unknown}
 z - an uncursed ring of protection from magic {unknown}
Wands
 l - a wand of acid (10/15)
 A - a wand of iceblast (10/15)
Scrolls
 d - a scroll of enchant weapon {unknown}
 e - 2 scrolls of remove curse {unknown}
 g - 2 scrolls of teleportation {unknown}
 j - 5 scrolls of identify {unknown}
 k - 2 scrolls of magic mapping {unknown}
 n - 3 scrolls of random uselessness {unknown}
 o - 2 scrolls of amnesia {unknown}
 p - 4 scrolls of fear {unknown}
 v - a scroll of noise {unknown}
Potions
 h - 2 potions of brilliance
 m - a potion of curing {unknown}
 s - a potion of haste
 t - a potion of ambrosia {unknown}
 u - 2 potions of heal wounds {unknown}
 w - a potion of degeneration {unknown}
Comestibles
 f - 5 bread rations
 i - 2 meat rations


   Skills:
 - Level 3.6 Fighting
 * Level 12.4 Axes
 - Level 3.6 Armour
 - Level 3.6 Shields


You had 7 spell levels left.
You didn't know any spells.

Dungeon Overview and Level Annotations

Branches:
Dungeon (6/15)             Temple (1/1) D:4

Altars:
Ashenzari
Cheibriados
Dithmenos
Elyvilon
Fedhas
Gozag
Hepliaklqana
Kikubaaqudgha
Makhleb
Nemelex Xobeh
Okawaru
Qazlal
Sif Muna
Trog
Uskayaw
Vehumet
Xom
Yredelemnul
Zin
The Shining One


Innate Abilities, Weirdness & Mutations

You reflexively headbutt those who attack you in melee.
You have a pair of horns on your head.


Message History

The sky beast shocks you.
* * * LOW HITPOINT WARNING * * *
A bullfrog comes into view.
It was a potion of haste.
You feel yourself speed up.
The bullfrog gives a loud, deep croak!
The sky beast hits you but does no damage.
You are very lightly contaminated with residual magic.
Things that are here:
a dagger; a leather armour
Items here: )) [[ a dire flail of pain; a plate armour; a flail; a scale mail The bullfrog releases a deep croak.
You are feeling hungry.
An orc comes into view.
An orc priest comes into view.
The orc priest shouts!
The orc priest mumbles some strange prayers to Beogh against you.
Beogh smites you!
You die...
Your body crumbles into a pile of gold.

#o.F.# ##+#+###
....####).....# #
....#..)).....# .#
...#.##).....###.#
.o.#.##...........
##
#.##.##........# #
#..
#.##.###+#.....#..
#... #@##.#
#.#.##.....
#...###.##.#
#.#.##.####
$#.......##.#
#.#......#
#.......##.#
#.####.#.#
#.......##.# #.#
#<#.# #....##.##.#
#.# ###.# ####.
#.##<# #.# #.# #
#.######.######.#
#
#.#####.........#


You could see a bullfrog (wandering), an orc priest and an orc.

Vanquished Creatures
  Edmund (D:4)
  2 orc warriors
  An ogre (D:3)
  A centaur (D:5)
  A bullfrog (D:6)
  A scorpion (D:6)
  6 orc wizards
  9 orc priests
  A bullfrog skeleton (D:6)
  Jessica (D:3)
  An iguana (D:4)
  3 worker ants (D:4)
  A hound skeleton (D:5)
  A worker ant zombie (D:5)
  3 gnolls (D:2)
  6 adders
  A shadow imp (D:5)
  4 oozes
  3 worms
  A dart slug (D:1)
  2 leopard geckos
  33 orcs
  6 giant cockroaches
  10 goblins
  6 hobgoblins
  19 jackals
  2 quokkas
  5 bats
  7 frilled lizards
  5 kobolds
  6 rats
149 creatures vanquished.

Notes
Turn   | Place    | Note
-------+----------+-------------------------------------------
     0 | D:1      | LORDOFBUTT the Minotaur Fighter began the quest for the Orb.
     0 | D:1      | Reached XP level 1. HP: 19/19 MP: 0/0
    49 | D:1      | Reached skill level 3 in Axes
   137 | D:1      | Reached XP level 2. HP: 22/26 MP: 1/1
   417 | D:1      | Reached skill level 4 in Axes
   630 | D:1      | Reached XP level 3. HP: 31/31 MP: 2/2
   890 | D:2      | Reached skill level 5 in Axes
   894 | D:2      | Reached XP level 4. HP: 30/39 MP: 3/3
  1324 | D:3      | Noticed an ogre
  1328 | D:3      | Killed an ogre
  1328 | D:3      | Reached skill level 6 in Axes
  1328 | D:3      | Reached XP level 5. HP: 23/45 MP: 4/4
  1345 | D:3      | You fall through a shaft for 2 floors!
  1345 | D:5      | Entered Level 5 of the Dungeon
  1417 | D:4      | Found a staircase to the Ecumenical Temple.
  1428 | D:4      | Reached skill level 7 in Axes
  1436 | Temple   | Entered the Ecumenical Temple
  1593 | Temple   | Became a worshipper of Gozag Ym Sagoz the Greedy
  1622 | D:4      | Found a bloodstained altar of Trog.
  1776 | D:4      | Noticed Edmund
  1787 | D:4      | Killed Edmund
  1787 | D:4      | Reached skill level 8 in Axes
  1787 | D:4      | Reached XP level 6. HP: 37/51 MP: 5/5
  2209 | D:3      | Noticed Jessica
  2215 | D:3      | Killed Jessica
  2215 | D:3      | Reached skill level 9 in Axes
  2240 | D:3      | Reached XP level 7. HP: 56/57 MP: 6/6
  2577 | D:4      | Reached skill level 10 in Axes
  2672 | D:4      | Found an iron altar of Okawaru.
  3052 | D:4      | Found a faded altar of an unknown god.
  3052 | D:4      | Found a deep blue altar of Sif Muna.
  3057 | D:4      | Found a faded altar of an unknown god.
  3059 | D:4      | Found a glowing silver altar of Zin.
  3060 | D:4      | Found a faded altar of an unknown god.
  3730 | D:5      | Reached skill level 11 in Axes
  3730 | D:5      | Reached XP level 8. HP: 15/64 MP: 7/7
  4271 | D:6      | Reached skill level 12 in Axes
  4348 | D:6      | HP: 3/64 [sky beast (6)]
  4396 | D:6      | Killed from afar by an orc priest

Skill      XL: |  1  2  3  4  5  6  7  8 |
---------------+-------------------------+-----
Axes           | 3 4 5 6 8 9 11 12 | 12.4
Fighting       | |  3.6
Armour         | |  3.6
Shields        | |  3.6

Action                   |  1- 3 |  4- 6 |  7- 9 || total
-------------------------+-------+-------+-------++-------
Melee: War axe           |    87 |   100 |   167 ||   354
       Headbutt          |     9 |    11 |    27 ||    47
  Use: Potion            |       |     1 |     4 ||     5
  Eat: Chunk             |       |     3 |       ||     3
       Beef jerky        |       |       |     2 ||     2
       Meat ration       |       |       |     1 ||     1
Armor: Scale mail        |    33 |    31 |    51 ||   115
Dodge: Dodged            |    19 |    24 |    38 ||    81
Block: Shield            |    41 |    50 |    69 ||   160
